[Event "Titled Tuesday Blitz August 16 Late 2022"]
[White "Capp, Stephen"]
[Black "Pires, Marcos Vinicius Torsani"]
[WhiteFideId "2027089"]
[BlackFideId "2118939"]
[WhiteElo "1920"]
[BlackElo "2273"]
[Result "1/2-1/2"]
[Round "05"]
[TimeControl "180+1"]
[Date "2022.08.18"]
[WhiteClock "0:00:00"]
[BlackClock "0:00:00"]

1. e4 c5 2. Nc3 Nc6 3. f4 g6 4. Nf3 Bg7 5. Bc4 e6 6. d3 Nge7 7. Bb3 O-O 8. O-O Na5 9. Kh1 d5 10. e5 a6 11. a3 Nxb3 12. cxb3 b5 13. d4 Qb6 14. Ne2 Bb7 15. b4 cxb4 16. axb4 Nc6 17. Qe1 Rfc8 18. Bd2 Bf8 19. Bc3 Qd8 20. Nc1 a5 21. Nd3 axb4 22. Rxa8 Rxa8 23. Nxb4 Nxb4 24. Bxb4 Ra4 25. Bxf8 Qxf8 26. h3 Ra2 27. Nh2 h5 28. Qb1 Ra4 29. Nf3 b4 30. Rc1 Ba6 31. Rc7 Be2 32. Ng5 Qa8 33. Kh2 Ra7 34. Nxe6 Rxc7 35. Nxc7 Qc6 36. Qe1 Qxc7 37. Qxe2 Qc6 38. f5 gxf5 39. Qxh5 Qc4 40. Qxf5 Qxd4 41. Qg5+ Kf8 42. Qd8+ Kg7 43. Qg5+ Kf8 44. Qd8+ Kg7 45. Qg5+ Kf8 1/2-1/2


[Site "https://www.chess.com"]

[Event "Titled Tuesday Blitz August 16 Late 2022"]
[White "Carbone, Diego"]
[Black "Sailer, Mike"]
[WhiteFideId "3002179"]
[BlackFideId "2012901"]
[WhiteElo "2199"]
[BlackElo "2109"]
[Result "1-0"]
[Round "05"]
[TimeControl "180+1"]
[Date "2022.08.18"]
[WhiteClock "0:00:00"]
[BlackClock "0:00:00"]

1. d4 d5 2. c4 Bf5 3. Nc3 e6 4. Nf3 Nc6 5. cxd5 exd5 6. Bf4 Bb4 7. e3 Nf6 8. Bb5 O-O 9. O-O Bxc3 10. bxc3 Na5 11. Ne5 c6 12. Be2 Ne4 13. Rc1 f6 14. Nd3 Nc4 15. f3 Ned6 16. Nc5 b6 17. Nb3 Re8 18. Kf2 a5 19. Nd2 Nb2 20. Qb3 Nd3+ 21. Bxd3 Bxd3 22. Rfe1 Nc4 23. Nxc4 Bxc4 24. Qa3 b5 25. Qc5 b4 26. Kg1 Bxa2 27. cxb4 axb4 28. Qxb4 Bc4 29. Qc5 Qd7 30. Ra1 Rxa1 31. Rxa1 h6 32. Ra7 Qe6 33. Qb6 g5 34. Qc7 1-0


[Site "https://www.chess.com"]

[Event "Titled Tuesday Blitz August 16 Late 2022"]
[White "Chernomordik, Pavel"]
[Black "Rostovtsev, Dmitry"]
[WhiteFideId "2804530"]
[BlackFideId "34278320"]
[WhiteElo "2217"]
[BlackElo "2295"]
[Result "1-0"]
[Round "05"]
[TimeControl "180+1"]
[Date "2022.08.16"]
[WhiteClock "0:01:10"]
[BlackClock "0:00:30"]

1. e4 c5 2. Nc3 Nc6 3. Bb5 Nd4 4. Bc4 g6 5. Nge2 Bg7 6. Nxd4 cxd4 7. Qf3 Nf6 8. e5 dxc3 9. dxc3 O-O 10. exf6 Bxf6 11. Bh6 Bg7 12. Bxg7 Kxg7 13. O-O-O d6 14. Rhe1 Be6 15. Bxe6 fxe6 16. Qxb7 Rb8 17. Qe4 e5 18. f3 Qb6 19. b3 Rf4 20. Qe3 Qa6 21. Kb2 Rc8 22. Rd5 Qb7 23. Red1 Rfc4 24. R5d3 a5 25. Ka1 R4c7 26. f4 e4 27. Qd4+ e5 28. fxe5 exd3 29. exd6+ Kg8 30. dxc7 dxc2 31. Qd8+ Kf7 32. Rf1+ Ke6 33. Rf6+ Ke5 34. Qd6+ Ke4 35. Qd4# 1-0


[Site "https://www.chess.com"]

[Event "Titled Tuesday Blitz August 16 Late 2022"]
[White "Deviprasath, Sharvesh"]
[Black "Foerster-Yialamas, Lucas"]
[WhiteFideId "30938228"]
[BlackFideId "30901774"]
[WhiteElo "2102"]
[BlackElo "1804"]
[Result "0-1"]
[Round "05"]
[TimeControl "180+1"]
[Date "2022.08.18"]
[WhiteClock "0:00:00"]
[BlackClock "0:00:00"]

1. e4 c5 2. Nc3 g6 3. Nf3 Bg7 4. d4 cxd4 5. Nxd4 Nc6 6. Be3 Nf6 7. Bc4 Ng4 8. Qxg4 Nxd4 9. O-O-O Nc6 10. Bb3 O-O 11. h4 d5 12. Qg3 d4 13. Ne2 Qb6 14. Bd2 a5 15. h5 a4 16. Bd5 d3 17. Nc3 dxc2 18. Rde1 a3 19. b3 e6 20. hxg6 fxg6 21. Bc4 Nb4 22. Qh4 Qd4 23. Qxh7+ Kf7 24. Rh3 Nxa2+ 25. Kxc2 Nb4+ 26. Kd1 a2 27. Rf3+ Ke7 28. Ke2 a1=Q 29. Rxa1 Rxa1 30. Bg5+ Kd6 31. Bb5 Na2 32. Qh2+ Be5 0-1


[Site "https://www.chess.com"]

[Event "Titled Tuesday Blitz August 16 Late 2022"]
[White "Djordjevic, Vuk"]
[Black "Janaszak, Dawid"]
[WhiteFideId "902098"]
[BlackFideId "1119206"]
[WhiteElo "2456"]
[BlackElo "2165"]
[Result "0-1"]
[Round "05"]
[TimeControl "180+1"]
[Date "2022.08.16"]
[WhiteClock "0:00:03"]
[BlackClock "0:00:09"]

1. d4 Nf6 2. Bg5 d5 3. Bxf6 gxf6 4. e3 c5 5. dxc5 e5 6. c4 d4 7. exd4 Nc6 8. d5 Nd4 9. Ne2 Bxc5 10. Nxd4 Bxd4 11. Qd2 Rg8 12. Nc3 Bf5 13. Nb5 Bc5 14. b4 Bf8 15. d6 Rc8 16. c5 a6 17. Nc7+ Rxc7 18. dxc7 Qxc7 19. Rd1 Rg4 20. f3 Rd4 21. Qc3 Qd7 22. Rxd4 exd4 23. Qd2 d3 24. Qe3+ Kd8 25. Kd2 Qd5 26. Bxd3 Qxa2+ 27. Kd1 Qa1+ 28. Ke2 Qxh1 29. Bxf5 Qxg2+ 30. Ke1 Qh1+ 31. Kd2 Qxh2+ 32. Kd3 Qe5 33. Be4 Kc7 34. f4 Qb2 35. f5 Qxb4 36. Bd5 Qa3+ 37. Ke4 Qxe3+ 38. Kxe3 Bxc5+ 39. Kd3 Kd6 40. Bxb7 a5 41. Kc4 Bb4 42. Bd5 Ke5 43. Bxf7 Kxf5 44. Bd5 Ke5 45. Bc6 h5 46. Bf3 h4 47. Bg2 Kf4 48. Bh3 Kg3 0-1


[Site "https://www.chess.com"]

[Event "Titled Tuesday Blitz August 16 Late 2022"]
[White "Dubov, Daniil"]
[Black "Bogaudinov, Rushan"]
[WhiteFideId "24126055"]
[BlackFideId "4129288"]
[WhiteElo "2791"]
[BlackElo "2040"]
[Result "1-0"]
[Round "05"]
[TimeControl "180+1"]
[Date "2022.08.18"]
[WhiteClock "0:00:00"]
[BlackClock "0:00:00"]

1. e4 c5 2. Nc3 d6 3. g3 Nc6 4. Bg2 g6 5. Nge2 Bg7 6. d3 Nf6 7. Bg5 O-O 8. Qd2 Nd4 9. Nxd4 cxd4 10. Ne2 Qb6 11. Bh6 e5 12. Bxg7 Kxg7 13. c3 dxc3 14. Nxc3 Be6 15. O-O Rad8 16. Rfe1 Rfe8 17. Rad1 d5 18. exd5 Nxd5 19. Rxe5 Nxc3 20. bxc3 Qa6 21. d4 f6 22. Re3 Qxa2 23. Qxa2 Bxa2 24. Ra1 Bd5 25. Rxe8 1-0


[Site "https://www.chess.com"]

[Event "Titled Tuesday Blitz August 16 Late 2022"]
[White "Fier, Alexandr"]
[Black "Adewumi, Tanitoluwa"]
[WhiteFideId "2107139"]
[BlackFideId "30966396"]
[WhiteElo "2598"]
[BlackElo "2574"]
[Result "1-0"]
[Round "05"]
[TimeControl "180+1"]
[Date "2022.08.16"]
[WhiteClock "0:02:54"]
[BlackClock "0:01:33"]

1. d4 Nf6 2. Bg5 e6 3. e4 h6 4. Bxf6 Qxf6 5. c3 d6 6. Bd3 g6 7. Ne2 Bg7 8. O-O O-O 9. f4 Qe7 10. f5 exf5 11. exf5 Qg5 12. Kh1 Nc6 13. Nd2 Ne7 14. f6 Bxf6 15. Ne4 1-0


[Site "https://www.chess.com"]

[Event "Titled Tuesday Blitz August 16 Late 2022"]
[White "Gallana, Marco"]
[Black "Do Nascimento,Christian Almeida"]
[WhiteFideId "824542"]
[BlackFideId "2143801"]
[WhiteElo "2290"]
[BlackElo "2085"]
[Result "1-0"]
[Round "05"]
[TimeControl "180+1"]
[Date "2022.08.18"]
[WhiteClock "0:00:00"]
[BlackClock "0:00:00"]

1. d4 Nf6 2. Nf3 d5 3. c4 e6 4. g3 Be7 5. Bg2 O-O 6. O-O a6 7. Nbd2 dxc4 8. Nxc4 Nbd7 9. Bg5 h6 10. Bxf6 Nxf6 11. Qb3 c5 12. Nb6 Rb8 13. Rfd1 cxd4 14. Nxd4 Bc5 15. Nxc8 Bxd4 16. e3 Qxc8 17. Rxd4 Rd8 18. Rad1 Rxd4 19. Rxd4 b5 20. Bf3 Qc1+ 21. Rd1 Qc4 22. Qa3 b4 23. Qa5 g5 24. Qe5 Rb5 25. Qxf6 Re5 1-0


[Site "https://www.chess.com"]

[Event "Titled Tuesday Blitz August 16 Late 2022"]
[White "Golubev, Mikhail"]
[Black "Harshavardhan G B"]
[WhiteFideId "14100983"]
[BlackFideId "25059009"]
[WhiteElo "2374"]
[BlackElo "1890"]
[Result "0-1"]
[Round "05"]
[TimeControl "180+1"]
[Date "2022.08.18"]
[WhiteClock "0:00:00"]
[BlackClock "0:00:00"]

1. e4 c5 2. Nf3 d6 3. d4 cxd4 4. Nxd4 Nf6 5. Nc3 Nc6 6. Bc4 e6 7. Be3 a6 8. Bb3 Qc7 9. Qe2 Be7 10. O-O-O O-O 11. Rhg1 b5 12. g4 b4 13. Nd5 exd5 14. Nxc6 Qxc6 15. g5 Qb5 16. Qxb5 axb5 17. gxf6 Bxf6 18. Bxd5 Ra6 19. Bd4 Bxd4 20. Rxd4 Be6 21. Bxe6 fxe6 22. Rxb4 Rxa2 23. Rg2 Ra5 24. Kd2 Rf3 25. Ke2 Rf4 26. Ke3 e5 27. Rg1 d5 28. c3 Ra2 29. Rxb5 Rxe4+ 30. Kd3 Rf4 31. Rxd5 Rxb2 32. Rd8+ Rf8 33. Rxf8+ Kxf8 34. Rg2 Kf7 35. c4 g6 36. Kc3 Ra2 37. c5 Ke6 38. Kc4 Rc2+ 39. Kb4 Kd5 40. Rg1 Rc4+ 41. Kb3 Rxc5 42. Rd1+ Ke4 43. Rd7 h5 44. Rd6 Kf5 45. Rd8 g5 46. Rf8+ Kg4 47. f3+ Kh3 48. Rg8 e4 49. fxe4 Kxh2 50. Kb4 Re5 51. Kc3 g4 52. Kd4 Ra5 53. e5 g3 54. e6 Ra1 55. e7 Re1 56. e8=Q Rxe8 57. Rxe8 g2 58. Re2 Kh1 0-1


[Site "https://www.chess.com"]

[Event "Titled Tuesday Blitz August 16 Late 2022"]
[White "Goncalves, Davi Sulzbacher"]
[Black "Zamorano, Jorge"]
[WhiteFideId "2154510"]
[BlackFideId "173770"]
[WhiteElo "2107"]
[BlackElo "2331"]
[Result "0-1"]
[Round "05"]
[TimeControl "180+1"]
[Date "2022.08.18"]
[WhiteClock "0:00:00"]
[BlackClock "0:00:00"]

1. d4 Nf6 2. c4 e6 3. Nf3 b6 4. g3 Ba6 5. Qc2 Bb4+ 6. Bd2 Be7 7. Bg2 O-O 8. O-O c6 9. Bf4 d5 10. Nbd2 Nh5 11. Be3 Nd7 12. Qa4 Bxc4 13. Nxc4 b5 14. Qa6 bxc4 15. Qxc6 Nhf6 16. b3 Qb6 17. Ne5 Rac8 18. Qxb6 Nxb6 19. Rfc1 Ba3 20. Rc2 Rc7 21. bxc4 Nxc4 22. Nxc4 Rxc4 23. Rxc4 dxc4 24. Rb1 Rc8 25. Bc1 Bxc1 26. Rxc1 Kf8 27. e4 c3 28. Kf1 Rc4 29. Ke2 Rxd4 30. Rxc3 Ra4 31. a3 Nxe4 32. Rc8+ Ke7 33. Rc7+ Kf6 34. f4 Nd6 35. Rc3 Nb5 36. Rb3 Nd4+ 0-1


[Site "https://www.chess.com"]

[Event "Titled Tuesday Blitz August 16 Late 2022"]
[White "Harshal, Shahi"]
[Black "Olenik Campa, Rudi"]
[WhiteFideId "5048257"]
[BlackFideId "14633264"]
[WhiteElo "2054"]
[BlackElo "2008"]
[Result "1/2-1/2"]
[Round "05"]
[TimeControl "180+1"]
[Date "2022.08.18"]
[WhiteClock "0:00:00"]
[BlackClock "0:00:00"]

1. d4 Nf6 2. c4 e6 3. Nc3 d5 4. cxd5 exd5 5. Bg5 Be7 6. e3 O-O 7. Bd3 c6 8. Qc2 h6 9. Bh4 Re8 10. Nge2 a5 11. O-O Na6 12. a3 Nc7 13. Rad1 Ne6 14. f3 b5 15. e4 dxe4 16. fxe4 Ng4 17. Bxe7 Qxe7 18. d5 Qh4 19. h3 Ne3 20. Qc1 Nxf1 21. dxe6 Ng3 22. exf7+ Kxf7 23. e5 Nxe2+ 24. Nxe2 Bd7 25. Nf4 Kg8 26. Bb1 Rf8 27. Rxd7 Qxf4 28. Qc2 Qf1+ 29. Kh2 Qf4+ 30. Kg1 Qe3+ 31. Kh2 Qxe5+ 32. g3 Rf2+ 33. Qxf2 Qg5 34. Qc2 Kf8 35. Qf2+ Kg8 36. Qf7+ Kh8 37. Qf2 Kg8 1/2-1/2


[Site "https://www.chess.com"]

[Event "Titled Tuesday Blitz August 16 Late 2022"]
[White "Harvey, Marcus R"]
[Black "Aldokhin, Ivan"]
[WhiteFideId "400092"]
[BlackFideId "24115720"]
[WhiteElo "2485"]
[BlackElo "2246"]
[Result "1/2-1/2"]
[Round "05"]
[TimeControl "180+1"]
[Date "2022.08.16"]
[WhiteClock "0:00:02"]
[BlackClock "0:00:04"]

1. c4 Nf6 2. Nf3 g6 3. b3 Bg7 4. Bb2 d6 5. d4 O-O 6. g3 a5 7. Bg2 a4 8. O-O c6 9. Nc3 axb3 10. axb3 Rxa1 11. Qxa1 Qb6 12. Qa3 Na6 13. Ra1 Bf5 14. Na4 Qa5 15. Bc3 Qc7 16. Nh4 Bc8 17. e4 b5 18. Nb2 b4 19. Bxb4 Nxb4 20. Qxb4 c5 21. dxc5 dxc5 22. Qa5 Qe5 23. Nd3 Qd4 24. Nxc5 Nxe4 25. Bxe4 Qxa1+ 26. Qxa1 Bxa1 27. Nf3 Rd8 28. Kf1 Bg4 29. b4 Bc3 30. b5 Rd1+ 31. Kg2 Bxf3+ 32. Kxf3 Bd4 33. Nb3 Ba7 34. c5 f5 35. Bc2 Rd5 36. b6 Bxb6 37. cxb6 Rb5 38. Nd4 Rxb6 39. Kf4 Kf7 40. Ke5 Ra6 41. Bb3+ Ke8 42. f4 Ra5+ 43. Bd5 Kd7 44. Ne6 Rb5 45. Nf8+ Kd8 46. Nxh7 Rb2 47. Nf8 Rxh2 48. Nxg6 Rh3 49. Nh4 Rxg3 50. Nxf5 Rg1 51. Be4 Re1 52. Nd4 Kd7 53. Kd5 Ke8 54. Ne6 Kf7 55. Ng5+ Kf6 56. Bd3 Rd1 57. Ke4 Rxd3 58. Kxd3 e5 59. fxe5+ Kxe5 1/2-1/2


[Site "https://www.chess.com"]

[Event "Titled Tuesday Blitz August 16 Late 2022"]
[White "Hoffmann, Asa"]
[Black "Mirimanian, Hayk"]
[WhiteFideId "2001470"]
[BlackFideId "4700180"]
[WhiteElo "2117"]
[BlackElo "2280"]
[Result "1-0"]
[Round "05"]
[TimeControl "180+1"]
[Date "2022.08.18"]
[WhiteClock "0:00:00"]
[BlackClock "0:00:00"]

1. d4 d5 2. Bg5 Nf6 3. Nd2 c6 4. e3 g6 5. Bd3 Bg7 6. f4 O-O 7. Ngf3 Bf5 8. Bxf5 gxf5 9. O-O Nbd7 10. Ne5 Qb6 11. b3 e6 12. Qe1 Qb4 13. Rd1 h6 14. Bh4 c5 15. Ndf3 Qxe1 16. Rfxe1 Rac8 17. c3 b5 18. h3 Rc7 19. Rc1 Rfc8 20. Nxd7 Nxd7 21. Rcd1 Nf6 22. Bxf6 Bxf6 23. Ne5 Bxe5 24. dxe5 h5 25. Kf2 Kf8 26. g4 hxg4 27. hxg4 fxg4 28. Rg1 Ke7 29. Rxg4 b4 30. c4 dxc4 31. bxc4 Rh8 32. e4 Rh2+ 33. Rg2 Rh4 34. Kg3 Rh7 35. f5 Rd7 36. f6+ Kd8 37. Rxd7+ Kxd7 38. Rd2+ Kc7 39. Rd6 Rh1 40. Kf2 Rc1 41. Ra6 Kb7 42. Rxe6 a5 43. Re7+ Kb6 44. e6 Rc2+ 45. Kf1 a4 46. exf7 b3 47. axb3 axb3 48. f8=Q b2 49. Qb8+ Ka5 50. Ra7# 1-0


[Site "https://www.chess.com"]

[Event "Titled Tuesday Blitz August 16 Late 2022"]
[White "Holt, Conrad"]
[Black "Tatarinov, Dmitry"]
[WhiteFideId "2034387"]
[BlackFideId "24160067"]
[WhiteElo "2586"]
[BlackElo "2324"]
[Result "1-0"]
[Round "05"]
[TimeControl "180+1"]
[Date "2022.08.16"]
[WhiteClock "0:00:18"]
[BlackClock "0:00:10"]

1. d4 Nf6 2. c4 e6 3. Nc3 Bb4 4. Qc2 d5 5. cxd5 exd5 6. Bg5 h6 7. Bh4 O-O 8. e3 c6 9. Bd3 Re8 10. Nf3 Nbd7 11. O-O Qa5 12. a3 Bxc3 13. Qxc3 Qxc3 14. bxc3 g5 15. Bg3 Ne4 16. c4 dxc4 17. Bxe4 Rxe4 18. Nd2 Re8 19. Nxc4 Nb6 20. Nd6 Rd8 21. Rfb1 f5 22. Be5 Rd7 23. Nxf5 Kh7 24. a4 Nd5 25. a5 Nc3 26. Rb3 Nb5 27. Rc1 Rf7 28. Ng3 Be6 29. Rb2 Rc8 30. Ne4 b6 31. h3 Kg6 32. Ra1 Bf5 33. Ng3 Be6 34. axb6 axb6 35. Ra6 Rb7 36. Ne4 Bd5 37. Nd6 Nxd6 38. Bxd6 b5 39. f3 Bc4 40. e4 Rd7 41. Bc5 h5 42. Kf2 h4 43. Ke3 Kh5 44. Kd2 Rb7 45. Ke3 Rd7 46. Rb1 Rb7 47. Rba1 Be6 48. Bb4 Bc4 49. Ra8 Rbb8 50. R8a7 Be6 51. Re7 Re8 52. Rh7+ Kg6 53. Raa7 Rg8 54. Rhb7 Rxb7 55. Rxb7 Ra8 56. Rc7 Ra6 57. f4 gxf4+ 58. Kxf4 Bc4 59. Ke5 Kh5 60. Kf5 Bg8 61. Rg7 Ra8 62. Rg5+ Kh6 63. Rg6+ Kh7 64. Rxc6 Bc4 65. Rc7+ Kh6 66. Bd6 Rg8 67. Bf4+ Kh5 68. Rh7# 1-0


[Site "https://www.chess.com"]

[Event "Titled Tuesday Blitz August 16 Late 2022"]
[White "Jeet, Jain"]
[Black "Al-Tarboush, Ward"]
[WhiteFideId "5073022"]
[BlackFideId "7601450"]
[WhiteElo "2055"]
[BlackElo "2234"]
[Result "0-1"]
[Round "05"]
[TimeControl "180+1"]
[Date "2022.08.18"]
[WhiteClock "0:00:00"]
[BlackClock "0:00:00"]

1. d4 d5 2. Bf4 Nf6 3. Nd2 c5 4. c3 Qb6 5. Qb3 Qxb3 6. axb3 cxd4 7. cxd4 Nc6 8. e3 Bf5 9. Bb5 e6 10. Ngf3 Bb4 11. Ke2 O-O 12. Ra4 a5 13. Rc1 Rac8 14. Bxc6 Rxc6 15. Rxc6 bxc6 16. Ne5 c5 17. dxc5 Bxd2 18. Kxd2 Ne4+ 19. Rxe4 Bxe4 20. f3 Bf5 21. g4 f6 22. Nd7 Rd8 23. c6 Rc8 24. gxf5 Rxc6 25. fxe6 Rxe6 26. Nc5 Rc6 27. Na4 g5 28. Bg3 h5 29. h3 Kf7 30. Nc3 Ke6 31. Kd3 Rb6 32. Kc2 f5 33. Ne2 Kf6 34. Nd4 Rb7 35. Kd2 Rb4 36. Bd6 Rb7 37. Ke2 a4 38. b4 g4 39. fxg4 fxg4 40. hxg4 hxg4 41. Kf2 Kg5 42. Kg3 Rd7 43. Bc5 Rf7 44. b5 Rb7 45. b6 Kf6 46. Kxg4 Ke5 47. Kf3 Rf7+ 48. Ke2 Ke4 49. Nb5 Rh7 50. Nd6+ Ke5 51. b7 Rh2+ 52. Kd3 Rxb2 53. Ba7 a3 54. b8=Q Rxb8 55. Bxb8 a2 56. Nc4+ Ke6 57. Be5 dxc4+ 58. Kxc4 Kxe5 59. Kb3 a1=Q 0-1


[Site "https://www.chess.com"]

[Event "Titled Tuesday Blitz August 16 Late 2022"]
[White "Kalavannan, Koby"]
[Black "Kim, Sergey"]
[WhiteFideId "425753"]
[BlackFideId "13700570"]
[WhiteElo "1927"]
[BlackElo "2295"]
[Result "0-1"]
[Round "05"]
[TimeControl "180+1"]
[Date "2022.08.18"]
[WhiteClock "0:00:00"]
[BlackClock "0:00:00"]

1. d4 Nf6 2. c4 g6 3. Nc3 Bg7 4. e4 d6 5. Be2 O-O 6. Be3 e5 7. d5 a5 8. g4 Na6 9. h4 Nc5 10. Bf3 Bd7 11. h5 c6 12. g5 Ne8 13. Nge2 Nc7 14. Ng3 cxd5 15. exd5 b5 16. Bxc5 dxc5 17. d6 Ne6 18. Bxa8 Qxa8 19. h6 Bh8 20. Nd5 Re8 21. Ne7+ Kf8 22. Qd5 Qb8 23. O-O-O bxc4 24. Ne4 Qb4 25. a3 Qb3 26. Nd2 Qb8 27. Ne4 Qb3 28. Qd2 Qa2 29. Qc2 Nd4 30. Qb1 Qb3 31. Nc3 Rb8 32. Rhe1 e4 33. Re3 Bg4 34. Rd2 Qb7 35. Qxe4 Nb3+ 36. Kc2 Nxd2 37. Qxb7 Rxb7 38. Kxd2 Bd4 39. Re4 Rxb2+ 40. Kc1 Bxc3 41. Nc6 Bd7 42. Ne5 Bxe5 43. Rxe5 Rb8 44. Re7 Rd8 45. Re5 Be6 46. Rxc5 Rxd6 47. Rxa5 Rd8 48. f4 Rc8 49. Kc2 Ke7 50. Kc3 Rd8 51. Ra7+ Kd6 52. a4 Kc5 53. Ra5+ Kb6 54. Rb5+ Kc6 55. Re5 Rd3+ 56. Kc2 Ra3 57. a5 c3 58. Re3 Bf5+ 59. Kd1 Ra1+ 60. Ke2 c2 61. Rc3+ Kb5 62. Kd2 Kxa5 63. Rc5+ Kb4 64. Rxf5 c1=Q+ 65. Kd3 gxf5 66. Kd4 Ra4 67. Ke5 Kb5 68. Kf6 Ra6+ 69. Kg7 Rg6+ 70. Kxh7 Qxf4 71. Kh8 Qxg5 72. h7 Qf6# 0-1


[Site "https://www.chess.com"]

[Event "Titled Tuesday Blitz August 16 Late 2022"]
[White "Kamsky, Gata"]
[Black "Gubajdullin, Alexei"]
[WhiteFideId "2000024"]
[BlackFideId "4141202"]
[WhiteElo "2666"]
[BlackElo "2214"]
[Result "1-0"]
[Round "05"]
[TimeControl "180+1"]
[Date "2022.08.16"]
[WhiteClock "0:00:39"]
[BlackClock "0:00:01"]

1. d4 Nf6 2. Nf3 g6 3. c3 Bg7 4. Bf4 O-O 5. Nbd2 d6 6. h3 Nc6 7. e4 e5 8. dxe5 dxe5 9. Be3 Qe7 10. Bb5 Nh5 11. O-O Nf4 12. Re1 Rd8 13. Qc2 g5 14. Nf1 g4 15. hxg4 Bxg4 16. N3h2 Be6 17. Ng3 Qg5 18. Bf1 h5 19. Nf5 Bxf5 20. exf5 h4 21. Qe4 Qh5 22. Bxf4 exf4 23. Qxf4 Bf6 24. Be2 Qg5 25. Qxg5+ Bxg5 26. Nf3 Bf6 27. Bc4 Re8 28. Bd5 Kg7 29. Kh2 Rxe1 30. Rxe1 Rd8 31. Bxc6 bxc6 32. Kh3 Rb8 33. Re2 Rb5 34. Kg4 a5 35. c4 Rc5 36. b3 1-0


[Site "https://www.chess.com"]

[Event "Titled Tuesday Blitz August 16 Late 2022"]
[White "Kashtanov, Ruslan"]
[Black "Lopez Perdomo, Juan David"]
[WhiteFideId "4124871"]
[BlackFideId "4405137"]
[WhiteElo "2168"]
[BlackElo "1965"]
[Result "1-0"]
[Round "05"]
[TimeControl "180+1"]
[Date "2022.08.18"]
[WhiteClock "0:00:00"]
[BlackClock "0:00:00"]

1. d4 c5 2. d5 e6 3. e4 exd5 4. exd5 d6 5. Nc3 Nf6 6. Bg5 Be7 7. Nf3 O-O 8. Be2 Na6 9. O-O Nc7 10. h3 a6 11. a4 b6 12. Bc4 Rb8 13. Qd3 Nh5 14. Bxe7 Qxe7 15. Rfe1 Qf6 16. Ne4 Qh6 17. Qd2 Nf4 18. g3 Nxh3+ 19. Kg2 Qxd2 20. Nfxd2 b5 21. axb5 axb5 22. Be2 f5 23. Nxd6 f4 24. Nxc8 fxg3 25. Ne7+ Kf7 26. fxg3 Ng5 27. d6 Nce6 28. Bg4 1-0


[Site "https://www.chess.com"]

[Event "Titled Tuesday Blitz August 16 Late 2022"]
[White "Kostiukov, Alexandr"]
[Black "Winkels, Marcel"]
[WhiteFideId "14108100"]
[BlackFideId "1003887"]
[WhiteElo "2202"]
[BlackElo "1900"]
[Result "0-1"]
[Round "05"]
[TimeControl "180+1"]
[Date "2022.08.18"]
[WhiteClock "0:00:00"]
[BlackClock "0:00:00"]

1. g3 g6 2. Bg2 Bg7 3. c4 Nf6 4. Nf3 c6 5. O-O d5 6. cxd5 cxd5 7. d4 O-O 8. Nc3 Nc6 9. Ne5 e6 10. Bf4 Nh5 11. Nxc6 bxc6 12. Be3 Rb8 13. Na4 e5 14. Qd2 Re8 15. dxe5 Bxe5 16. Bxa7 Ra8 17. Bb6 Qf6 18. Qd1 Bxb2 19. Nxb2 Qxb2 20. a4 Qxb6 21. Bf3 Nf6 22. Qd2 Ne4 23. Qf4 Ba6 24. Rfb1 Qd8 25. h4 Rb8 26. Rc1 Rc8 27. Rab1 Qf6 28. Qh6 Nc3 29. Rb6 Nxe2+ 30. Bxe2 Rxe2 0-1


[Site "https://www.chess.com"]

[Event "Titled Tuesday Blitz August 16 Late 2022"]
[White "Kravtsiv, Martyn"]
[Black "Omelja, Artem"]
[WhiteFideId "14113147"]
[BlackFideId "14119846"]
[WhiteElo "2694"]
[BlackElo "2382"]
[Result "1-0"]
[Round "05"]
[TimeControl "180+1"]
[Date "2022.08.18"]
[WhiteClock "0:00:00"]
[BlackClock "0:00:00"]

1. e4 c5 2. Nf3 e6 3. d4 cxd4 4. Nxd4 a6 5. Be2 Nf6 6. Nc3 Bb4 7. e5 Nd5 8. O-O Nxc3 9. bxc3 Bxc3 10. Rb1 O-O 11. Ba3 Re8 12. Bd6 Nc6 13. Nxc6 dxc6 14. Qd3 Ba5 15. Rfd1 b5 16. Qg3 Bb7 17. c4 Bc7 18. c5 Bxd6 19. exd6 Bc8 20. h4 Bd7 21. Rb3 e5 22. Re3 Qf6 23. Bg4 Bxg4 24. Qxg4 Rad8 25. Qe4 Qe6 26. Qxc6 Qxa2 27. d7 Rf8 28. Rxe5 b4 29. Qd5 Qc2 30. c6 b3 31. Ree1 b2 32. Qe4 Qc5 33. Rb1 Qc3 34. Re3 Qc1+ 35. Kh2 Qd2 36. Rb3 Qd6+ 37. g3 Rb8 38. R1xb2 Rxb3 39. Rxb3 Qd2 40. Qf3 Qd6 41. Rd3 Qc7 42. Qf4 Qxf4 43. gxf4 Rd8 44. c7 Rxd7 45. Rxd7 g6 46. c8=Q+ Kg7 47. Qxa6 h5 48. Qb7 1-0


[Site "https://www.chess.com"]

[Event "Titled Tuesday Blitz August 16 Late 2022"]
[White "Kruckenhauser, Arthur"]
[Black "So, Wesley"]
[WhiteFideId "1642812"]
[BlackFideId "5202213"]
[WhiteElo "2218"]
[BlackElo "2763"]
[Result "0-1"]
[Round "05"]
[TimeControl "180+1"]
[Date "2022.08.16"]
[WhiteClock "0:00:12"]
[BlackClock "0:00:15"]

1. e4 e5 2. Nf3 Nc6 3. Bb5 Nf6 4. O-O Nxe4 5. Re1 Nd6 6. a4 Be7 7. Nc3 f6 8. d4 Nf7 9. Nd5 O-O 10. a5 a6 11. Bc4 Kh8 12. Nxe7 Qxe7 13. Ra3 d6 14. Nh4 g5 15. Nf3 Bg4 16. Bd5 Rae8 17. h3 Bh5 18. Qd3 Nb4 19. Qb3 Nxd5 20. Qxd5 c6 21. Qb3 Qd7 22. dxe5 Bxf3 23. Qxf3 Nxe5 24. Qd1 Nc4 25. Rd3 Rxe1+ 26. Qxe1 Re8 27. Qc3 Ne5 28. Rd1 Kg7 29. f4 gxf4 30. Bxf4 d5 31. Rf1 Qe7 32. Be3 Nd7 33. Bd4 c5 34. Qg3+ Kh8 35. Bc3 d4 36. Bd2 Ne5 37. Kh2 Nc4 38. Bh6 Rg8 39. Qf4 Qe5 40. Qxe5 fxe5 41. Rf7 e4 42. b3 Nxa5 43. Bf4 Re8 44. Kg1 e3 45. Kf1 b6 46. Ke2 Nc6 47. g4 Nb4 48. Rd7 Nxc2 49. g5 Nb4 50. h4 d3+ 51. Kf3 e2 52. Bd2 e1=Q 53. Bxe1 Rxe1 54. h5 Re8 55. h6 a5 56. Kg4 b5 57. Kh5 Rg8 58. Kg4 c4 59. bxc4 bxc4 60. Kf5 c3 61. Kf6 c2 62. Rg7 c1=Q 0-1


[Site "https://www.chess.com"]

[Event "Titled Tuesday Blitz August 16 Late 2022"]
[White "Krzyzanowski, Marcin"]
[Black "Fus, Jakub"]
[WhiteFideId "1132199"]
[BlackFideId "1193023"]
[WhiteElo "2396"]
[BlackElo "2220"]
[Result "0-1"]
[Round "05"]
[TimeControl "180+1"]
[Date "2022.08.16"]
[WhiteClock "0:00:04"]
[BlackClock "0:00:07"]

1. d4 Nf6 2. Nf3 d5 3. Bf4 c5 4. e3 cxd4 5. exd4 Nc6 6. h3 Bf5 7. c3 e6 8. Qb3 Qc8 9. Nbd2 Be7 10. Be2 O-O 11. O-O Ne4 12. Rae1 Bd6 13. Bxd6 Nxd6 14. Nh4 Be4 15. Nxe4 Nxe4 16. Qd1 Rb8 17. Bd3 Nf6 18. f4 Re8 19. g4 Qd8 20. g5 Nd7 21. Qg4 Nf8 22. Nf3 b5 23. h4 b4 24. Rf2 bxc3 25. bxc3 Qa5 26. Re3 Qa3 27. Kg2 Rb2 28. h5 Rxf2+ 29. Kxf2 Qxa2+ 30. Kg3 g6 31. hxg6 fxg6 32. Bb5 Ne7 33. Nh4 Nf5+ 34. Nxf5 exf5 35. Qe2 Qxe2 36. Rxe2 Rxe2 37. Bxe2 Ne6 38. Kf3 Kg7 39. Ke3 Nc7 40. c4 dxc4 41. Bxc4 h6 42. d5 Ne8 43. Kd4 Nd6 44. Bd3 hxg5 45. fxg5 Kf7 46. Kc5 Ke7 47. Kc6 a5 48. Bc2 f4 49. Bxg6 a4 50. Bb1 f3 51. g6 f2 52. g7 Kf7 53. Bd3 Ne8 54. Kd7 Nf6+ 55. Kd6 a3 56. Ke5 Kxg7 57. d6 a2 0-1


[Site "https://www.chess.com"]

[Event "Titled Tuesday Blitz August 16 Late 2022"]
[White "Lamaze, Simon"]
[Black "Silvestre, Christian"]
[WhiteFideId "36069264"]
[BlackFideId "30956269"]
[WhiteElo "2131"]
[BlackElo "1942"]
[Result "1-0"]
[Round "05"]
[TimeControl "180+1"]
[Date "2022.08.18"]
[WhiteClock "0:00:00"]
[BlackClock "0:00:00"]

1. d4 d6 2. e4 Nf6 3. Nc3 g6 4. Be3 Bg7 5. Qd2 Ng4 6. Bg5 h6 7. Bh4 g5 8. Bg3 e6 9. h4 Bf6 10. Nf3 gxh4 11. Bxh4 Bxh4 12. Rxh4 h5 13. g3 Qf6 14. e5 Qxf3 15. exd6 cxd6 16. Nb5 Qc6 17. Be2 Nf6 18. Qg5 Nbd7 19. d5 Nxd5 20. Rc4 Qb6 21. a4 Ne5 22. Rd4 a6 23. Rxd5 exd5 24. Qf6 Rg8 25. a5 Qxb5 26. Bxb5+ axb5 27. Qxd6 Nc6 28. O-O-O Be6 29. Qc7 Rxa5 30. Qxb7 Ra1+ 31. Kd2 Rxd1+ 32. Kxd1 Nd8 33. Qxb5+ Ke7 34. Qc5+ Kf6 35. b4 Bg4+ 36. Kc1 Ne6 37. Qxd5 Rd8 38. Qc6 Rd1+ 39. Kb2 Kg7 40. b5 Nd4 41. Qc3 Kg6 42. b6 Ne6 43. b7 Rd8 44. Qe5 1-0


[Site "https://www.chess.com"]